Match 40148565
Unlisted

Match 40148565
End
Construct Infanterie Kompanie
Pioneer Squad
Selects Mechanized Battlegroup
Grenadier Squad
Grenadier Squad
Grenadier Squad
Infanterie Officer Quarters
MG 42 Machine Gun Team
Construct Luftwaffe Kompanie
Selects Raid Package
221 Scout Car
Jäger Squad
Jäger Squad
Selects StuG Assault Group
StuG Assault Group
Selects Spotting Scopes
Selects Stoßtruppen Assault Package
Medical Station
Selects Zeroing Artillery Barrage
Zeroing Artillery Barrage
BIOHAZARD
=BIA=Daghito
=BIA=Decapsy
Giovanni
Gabe_Real
Random_Target
Jackson
Humbarwhy
0
0

Comments sign in to comment!

No comments posted yet!